 Dungeon Crawl Stone Soup version 0.31-a0-236-g9a0961fb85 (webtiles) character file.

Game seed: 5487231507000649774

269 qw the Shooter (level 6, -4/35 HPs)
             Began as a Gargoyle Hexslinger on July 10, 2023.
             Slain by a cerulean imp
             ... wielding a +2 spear
             ... summoned by Natasha
              (6 damage)
             ... on level 3 of the Dungeon.
             The game lasted 00:00:44 (2146 turns).

qw the Shooter (Gargoyle Hexslinger)                Turns: 2146, Time: 00:00:45

Health: -4/35      AC:  9    Str: 11    XL:     6   Next: 22%
Magic:  7/7        EV: 10    Int: 14    God:
Gold:   106        SH:  0    Dex: 14    Spells: 6/7 levels left

rFire   . . .        Y - +1 sling (flame)
rCold   . . .        (no shield)
rNeg    + . .        b - +0 ring mail
rPois   inf          (no helmet)
rElec   +            (no cloak)
rCorr   .            (no gloves)
SInv    .            (no boots)
Will    .....        (no amulet)
Stlth   +            (no ring)
HPRegen 0.25/turn    (no ring)
MPRegen 0.10/turn

%: no passive effects
@: about to teleport
A: sickness immunity, AC +4, negative energy resistance 1, electricity
resistance, torment resistance 1, petrification resistance
a: no special abilities


You were on level 3 of the Dungeon.
You visited 1 branch of the dungeon, and saw 3 of its levels.

You collected 106 gold pieces.


Innate Abilities, Weirdness & Mutations

You are immune to sickness and miasma.
Your stone body is resilient. (AC +4)
You are immune to poison.
You resist negative energy. (rN+)
You are resistant to electric shocks. (rElec)
You are resistant to unholy torment.
You are immune to petrification.


   Skills:
 - Level 2.0 Fighting
 - Level 6.1 Ranged Weapons
 + Level 0.5 Armour
 - Level 1.5 Dodging
 - Level 1.0 Spellcasting
 - Level 2.6 Hexes


You had 6 spell levels left.
You knew the following spells:

 Your Spells              Type           Power      Damage    Failure   Level
a - Slow                  Hex            32%        N/A       22%         1

Your spell library contained the following spells:

 Spells                   Type           Power      Damage    Failure   Level
 Inner Flame              Hex/Fire       4%         N/A       73%         3
 Portal Projectile        Hex/Tloc       8%         N/A       73%         3
 Cause Fear               Hex            4%         N/A       91%         4

Inventory:

Hand Weapons
 Y - a +1 sling of flaming (weapon)
Armour
 b - a +0 ring mail (worn)
Scrolls
 c - a scroll of torment {unknown}
Potions
 a - a potion of heal wounds {unknown}
 g - a potion of brilliance {unknown}

Dungeon Overview and Level Annotations

Branches:
Dungeon (3/15)

Altars:

Annotations:
D:3 Natasha


Message History

Natasha claws you.
You shoot a sling bullet.
The sling bullet closely misses Natasha.
The cerulean imp barely misses you. Natasha completely misses you.
The cerulean imp hits you but does no damage.
You shoot a sling bullet. The sling bullet hits Natasha.
The sling bullet burns Natasha.
Natasha is moderately wounded.
Natasha claws you.
The cerulean imp hits you from afar with a +2 spear.
Natasha mumbles some strange words.
2143 ||| READING scroll of teleportation.
As you read the scroll of teleportation, it crumbles to dust.
You feel strangely unstable.
The cerulean imp hits you from afar with a +2 spear.
Natasha claws you but does no damage.
You shoot a sling bullet. The sling bullet misses Natasha.
The sling bullet hits the cerulean imp but does no damage.
The cerulean imp hits you from afar with a +2 spear.
The cerulean imp barely misses you.
Natasha stares at you and mumbles some strange words.
You resist with some effort.
You shoot a sling bullet.
The sling bullet closely misses Natasha.
The sling bullet hits the cerulean imp.
The sling bullet burns the cerulean imp.
The cerulean imp is severely wounded.
The cerulean imp hits you but does no damage.
The cerulean imp closely misses you. Natasha closely misses you.
You shoot a sling bullet.
The sling bullet closely misses Natasha.
The sling bullet hits the cerulean imp.
The sling bullet burns the cerulean imp.
The cerulean imp is almost dead.
The cerulean imp barely misses you.
The cerulean imp hits you but does no damage.
Natasha extends her claws.
Natasha barely misses you.
The cerulean imp hits you from afar with a +2 spear.
You die...

................
#.##.#.#....#....#..
...#.#.#....#....#.. #
#..#.#.#....######..
#.###..#........# #..
#......#........######..
.....55#.............#..
......h#................
.......@.......%........
..####.#................
#.#................
#.#................
#.#.............###
#.#.............#
..#.####........# ###.#
#........ #.# #........


You could see Natasha and 2 cerulean imps.

Vanquished Creatures
  Sigmund (D:2)
  Terence (D:2)
  4 adders
  A worm (D:2)
  4 bats
  An endoplasm (D:1)
  5 giant cockroaches (D:1)
  7 goblins
  5 hobgoblins (D:1)
  3 jackals (D:1)
  A quokka (D:1)
  6 ball pythons
  6 kobolds
  4 rats
49 creatures vanquished.

Notes
Turn   | Place    | Note
-------+----------+-------------------------------------------
     0 | D:1      | qw the Gargoyle Hexslinger began the quest for the Orb.
     0 | D:1      | Reached XP level 1. HP: 12/12 MP: 2/2
     0 | D:1      | 0 ||| qw: Version: 0.3-a-52-g30416fa
     0 | D:1      | 0 ||| qw: Game counter: 4714
     0 | D:1      | 0 ||| qw: Melee chars always use a shield: true
     0 | D:1      | 0 ||| qw: God list: Okawaru
     0 | D:1      | 0 ||| qw: Allow faded altars: false
     0 | D:1      | 0 ||| qw: Do Orc after clearing Dungeon:15 true
     0 | D:1      | 0 ||| qw: Do second Lair branch before Depths: true
     0 | D:1      | 0 ||| qw: Lair rune preference: random
     0 | D:1      | 0 ||| qw: Goals: Normal
     0 | D:1      | 0 ||| PLANNING D:1-11
   268 | D:1      | Reached XP level 2. HP: 16/16 MP: 3/3
   338 | D:1      | Reached skill level 3 in Ranged Weapons
   691 | D:1      | Found a faded altar of an unknown god.
   697 | D:1      | Reached XP level 3. HP: 21/21 MP: 4/4
   844 | D:1      | 844 ||| UPGRADING to +0 leather armour.
   854 | D:1      | 854 ||| DROPPING +0 robe.
   855 | D:1      | 855 ||| READING scroll labelled RYIDOGG GYSUO.
   856 | D:1      | 856 ||| READING scroll labelled YGANYOXORGH.
   857 | D:1      | 857 ||| DROPPING scroll of poison.
  1091 | D:2      | Noticed Terence
  1103 | D:2      | Killed Terence
  1104 | D:2      | Reached skill level 4 in Ranged Weapons
  1104 | D:2      | Reached XP level 4. HP: 11/26 MP: 5/5
  1330 | D:2      | 1330 ||| READING scroll of enchant weapon.
  1330 | D:2      | 1330 ||| ENCHANTING +2 sling.
  1473 | D:2      | 1473 ||| SWAPPING to +1 sling of electrocution.
  1474 | D:2      | 1474 ||| DROPPING +3 sling.
  1651 | D:2      | Noticed Sigmund
  1654 | D:2      | 1654 ||| FLEEEEING.
  1655 | D:2      | 1655 ||| FLEEEEING.
  1656 | D:2      | 1656 ||| FLEEEEING.
  1657 | D:2      | 1657 ||| FLEEEEING.
  1673 | D:2      | Killed Sigmund
  1674 | D:2      | Reached skill level 6 in Ranged Weapons
  1674 | D:2      | Reached XP level 5. HP: 23/30 MP: 6/6
  1674 | D:2      | Reached XP level 6. HP: 27/35 MP: 7/7
  1987 | D:2      | 1987 ||| UPGRADING to +0 ring mail.
  1997 | D:2      | 1997 ||| DROPPING +0 leather armour.
  1998 | D:2      | 1998 ||| READING 2 scrolls labelled VUGOHOAFFU.
  1999 | D:2      | 1999 ||| READING scroll of brand weapon.
  1999 | D:2      | 1999 ||| BRANDING +1 sling of freezing.
  2000 | D:2      | 2000 ||| READING scroll labelled TOTUL FOYTRUCE.
  2131 | D:3      | Noticed Natasha
  2142 | D:3      | HP: 8/35 [Natasha (5)]
  2143 | D:3      | 2143 ||| READING scroll of teleportation.
  2143 | D:3      | HP: 2/35 [cerulean imp/+2 spear[Natasha] (6)]
  2146 | D:3      | Slain by a cerulean imp

Levels and vault maps discovered:
D:1:      dpeg_arrival_another_circle, layout_loops_corners,
          dreamdust_ecumenical_altar_angels_and_demons
D:2:      layout_basic, nicolae_underground_beach, uniq_terence, uniq_sigmund
D:3:      layout_basic, corexii_shack, uniq_natasha, uniq_grinder

Skill      XL: |  1  2  3  4 |
---------------+-------------+-----
Ranged Weapons | 3 4 6 |  6.1
Fighting       | 2 |  2.0
Armour         | |  0.5
Dodging        | |  1.5
Spellcasting   | |  1.0
Hexes          | |  2.6

Action                     |  1- 3 |  4- 6 || total
---------------------------+-------+-------++-------
   Fire: Sling             |   115 |    49 ||   164
    Use: Scroll            |     2 |     5 ||     7
 Armour: Robe              |    10 |       ||    10
         Leather armour    |     7 |     8 ||    15
         Ring mail         |       |     9 ||     9
  Dodge: Dodged            |    30 |    18 ||    48

Table legend:
 A = Non-vault XP
 B = Vault XP
 C = Vault XP percentage of total XP
 D = Non-vault monster count
 E = Vault monster count
 F = Vault count percentage of total count
                 A         B        C        D         E       F
            +---------+---------+-------+---------+---------+-------
      Total |     127 |     258 |  67.0 |      47 |       2 |   4.1
            +---------+---------+-------+---------+---------+-------
        D:1 |      46 |       0 |   0.0 |      26 |       0 |   0.0
        D:2 |      65 |     258 |  79.9 |      17 |       2 |  10.5
        D:3 |      16 |       0 |   0.0 |       4 |       0 |   0.0
            +---------+---------+-------+---------+---------+-------
